 Dungeon Sprint DCSS version 0.30-a0-6-g7c9e10e132 (webtiles) character file.

Game seed: 1943900697374531511

33205 Zeld the Executioner (level 13, 0/139 HPs)
             Began as a Minotaur Berserker on Aug 23, 2022.
             Was the Champion of Trog.
             Succumbed to a nagaraja's poison arrow
             ... in the Dungeon (Sprint IX: "|||||||||||||||||||||||||||||").
             The game lasted 00:06:37 (3916 turns).

Zeld the Executioner (Minotaur Berserker)           Turns: 3916, Time: 00:06:38

Health: 0/139      AC: 24    Str: 25    XL:     13   Next: 35%
Magic:  12/12      EV: 11    Int:  7    God:    Trog [******]
Gold:   792        SH:  0    Dex: 12    Spells: 12/12 levels left

rFire   . . .      SeeInvis .    a - +9 battleaxe "Sickes" {vorpal, rPois rN++}
rCold   . . .      Faith    .    (shield currently unavailable)
rNeg    + + .      Spirit   .    b - +0 plate armour
rPois   +          Reflect  .    y - +2 hat {Int+3}
rElec   .          Harm     .    u - scarf {+Inv}
rCorr   +          Rampage  .    l - +0 pair of gloves
Will    +++..      NoTele   +    k - +0 pair of boots
Stlth   ..........               v - amulet of regeneration
HPRegen 2.13/turn                w - ring of resist corrosion
MPRegen 0.13/turn                x - ring of willpower

@: lethally poisoned (0 -> -6), untranslocatable, strong-willed, on berserk
cooldown, regenerating, slowed, constricted, very slow
A: horns 2, retaliatory headbutt
a: Renounce Religion, Evoke Invisibility, Berserk, Trog's Hand, Brothers in Arms


You were in the Dungeon.
You worshipped Trog.
Trog was exalted by your worship.
You visited 1 branch You collected 1944 gold pieces.
You spent 1152 gold pieces at shops.

Inventory:

Hand Weapons
 a - the +9 battleaxe "Sickes" (weapon) {vorpal, rPois rN++}
   (Trog gifted it to you in the Dungeon)

   It inflicts extra damage upon your enemies.
   rPois:     It protects you from poison.
   rN:        It greatly protects you from negative energy.
 t - a +6 vorpal executioner's axe
Armour
 b - a +0 plate armour (worn)
 k - a +0 pair of boots (worn)
 l - a +0 pair of gloves (worn)
 u - a scarf of invisibility (worn)
 y - a +2 hat of intelligence (worn)
Jewellery
 m - a +3 ring of strength
 n - a +3 ring of strength
 v - an amulet of regeneration (around neck)
 w - a ring of resist corrosion (left hand)
 x - a ring of willpower (right hand)
 z - a ring of protection from cold
 A - a ring of ice
 B - a ring of protection from cold
 C - a ring of fire
Wands
 j - a wand of roots (10)
Scrolls
 h - 3 scrolls of blinking
 o - 5 scrolls of enchant armour
 p - 3 scrolls of fear
 q - 2 scrolls of enchant weapon
 r - a scroll of fog
 s - 2 scrolls of identify
Potions
 c - 6 potions of curing
 e - 2 potions of haste
 f - 4 potions of magic
 g - 4 potions of berserk rage
 i - a potion of invisibility
 D - 2 potions of might


   Skills:
 * Level 19.9 Fighting
 * Level 26.3 Axes
 + Level 19.4 Armour
 + Level 17.9 Dodging


You had 12 spell levels left.
You didn't know any spells.
Your spell library was empty.

Dungeon Overview and Level Annotations

Branches:
Dungeon (1/1)

Altars:
Cheibriados
Dithmenos
Elyvilon
Fedhas
Gozag
Hepliaklqana
Kikubaaqudgha
Makhleb
Nemelex Xobeh
Okawaru
Qazlal
Ru
Sif Muna
Trog
Uskayaw
Vehumet
Wu Jian
Xom
Yredelemnul
Zin
The Shining One
Jiyva
Lugonu

Shops:
D [:=*


Innate Abilities, Weirdness & Mutations

You have a pair of horns on your head.
You reflexively headbutt those who attack you in melee.


Message History

You are more poisoned.
You resist. The nagaraja constricts you.
Unknown command.
Unknown command.
Unknown command.
You barely miss the nagaraja.
You feel extremely sick. The nagaraja casts a spell at you.
The poison arrow hits you but does no damage.
You are more poisoned.
The nagaraja constricts you.
* * * LOW HITPOINT WARNING * * *
You slice the nagaraja!! Your headbutt misses the nagaraja.
The nagaraja is heavily wounded.
You feel extremely sick. The nagaraja spits poison at you.
The splash of poison hits you but does no damage.
You resist. The nagaraja constricts you. The nagaraja hits you with a +0 spear.
* * * LOW HITPOINT WARNING * * *
The nagaraja constricts you.
* * * LOW HITPOINT WARNING * * *
You slice the nagaraja!!
You headbutt the nagaraja, but do no damage.
The nagaraja is severely wounded.
* * * LOW HITPOINT WARNING * * *
You feel extremely sick. The nagaraja hits you with a +0 spear.
* * * LOW HITPOINT WARNING * * *
The nagaraja constricts you.
Okay, then.
Your skin crawls.
You feel strong-willed.
* * * LOW HITPOINT WARNING * * *
You feel extremely sick. The nagaraja barely misses you.
The nagaraja constricts you. The nagaraja spits poison at you.
The splash of poison hits you but does no damage.
You resist. The nagaraja constricts you.
Your iron troll goes berserk!
You die...

_▓.▓)▓.▓.▓.▓.▓.▓.▓
_▓.▓'▓.▓)▓.▓[▓.▓.▓
_▓.▓.▓.▓)▓.▓[▓.▓.▓
_▓.▓.▓.▓)▓.▓[▓.▓.▓
_▓.▓.▓.▓)▓.▓[▓.▓.▓
_▓.▓.▓.▓'▓.▓[▓.▓.▓
_▓.▓.▓.▓.▓.▓[▓.▓S▓
_▓.▓÷▓.▓.▓.▓[▓.▓N▓
_▓.▓.▓.▓.▓.▓[▓.▓@▓
_▓.▓÷▓.▓.▓.▓.▓.▓†▓
_▓.▓.▓.▓.▓.▓)▓.▓T▓
_▓.▓†▓.▓.▓.▓)▓.▓.▓
_▓.▓.▓.▓.▓.▓)▓.▓.▓
_▓.▓.▓.▓.▓.▓)▓.▓.▓
_▓.▓.▓.▓.▓.▓)▓.▓.▓
_▓.▓.▓.▓)▓.▓)▓.▓)▓
'▓.▓.▓.▓[▓.▓)▓.▓.▓


You could see a nagaraja (fast, catching breath, ally target), a guardian
serpent and a friendly iron troll (summoned, berserk).

Vanquished Creatures
  Gastronok (D)
  A very ugly thing (D)
  An entropy weaver (D)
  2 fire dragons (D)
  A hydra (D)
  An ice dragon (D)
  Erolcha (D)
  4 ogre magi (D)
  A radroach (D)
  2 centaur warriors (D)
  A naga warrior (D)
  A death yak (D)
  2 shock serpents (D)
  A naga sharpshooter (D)
  A vampire mage (D)
  Urug (D)
  A tengu warrior (D)
  A pharaoh ant (D)
  A deep troll (D)
  2 wolf spiders (D)
  4 orc knights (D)
  2 ugly things (D)
  A cyclops (D)
  A manticore (D)
  An elephant (D)
  3 black mambas (D)
  3 cane toads (D)
  3 rime drakes (D)
  2 komodo dragons (D)
  7 trolls (D)
  2 blink frogs (D)
  A culicivora (D)
  2 jumping spiders (D)
  2 yaks (D)
  A wyvern (D)
  Eustachio (D)
  Grum (D)
  A redback (D)
  2 wargs (D)
  4 hell hounds (D)
  A black bear (D)
  9 orc warriors (D)
  8 wolves (D)
  A bullfrog (D)
  A gnoll sergeant (D)
  A killer bee (D)
  3 howler monkeys (D)
  3 orc priests (D)
  3 orc wizards (D)
  2 adders (D)
  4 orcs (D)
  2 endoplasms (D)
  A quokka (D)
  3 kobolds (D)
113 creatures vanquished.

Vanquished Creatures (collateral kills)
  A very ugly thing (D)
  A stone giant (D)
  An ettin (D)
  An ogre mage (D)
  A deep troll (D)
  A cyclops (D)
  An ugly thing (D)
  A black mamba (D)
  A troll (D)
  An acid dragon (D)
  3 orc warriors (D)
13 creatures vanquished.

Grand Total: 126 creatures vanquished

Notes
Turn   | Place    | Note
-------+----------+-------------------------------------------
     0 | D        | Zeld the Minotaur Berserker began the quest for the Orb.
     0 | D        | Reached XP level 1. HP: 19/19 MP: 0/0
     8 | D        | Reached skill level 4 in Axes
    12 | D        | Reached ** piety under Trog
   158 | D        | Noticed a black bear
   164 | D        | Killed a black bear
   165 | D        | Reached skill level 7 in Axes
   165 | D        | Reached skill level 5 in Armour
   165 | D        | Reached XP level 2. HP: 12/30 MP: 1/1
   165 | D        | Reached XP level 3. HP: 15/37 MP: 2/2
   165 | D        | Reached XP level 4. HP: 18/44 MP: 3/3
   165 | D        | Reached *** piety under Trog
   484 | D        | Reached skill level 8 in Axes
   484 | D        | Reached skill level 5 in Dodging
   512 | D        | Found a snail-covered altar of Cheibriados.
   512 | D        | Found a shadowy altar of Dithmenos.
   512 | D        | Found a white marble altar of Elyvilon.
   512 | D        | Found a blossoming altar of Fedhas.
   512 | D        | Found an opulent altar of Gozag.
   513 | D        | Found a hazy altar of Hepliaklqana.
   514 | D        | Found a viscous altar of Jiyva.
   515 | D        | Found an ancient bone altar of Kikubaaqudgha.
   516 | D        | Found a corrupted altar of Lugonu.
   517 | D        | Found a burning altar of Makhleb.
   518 | D        | Found a sparkling altar of Nemelex Xobeh.
   519 | D        | Found an iron altar of Okawaru.
   520 | D        | Found a stormy altar of Qazlal.
   521 | D        | Found a sacrificial altar of Ru.
   522 | D        | Found a shimmering blue altar of Sif Muna.
   525 | D        | Found a bloodstained altar of Trog.
   526 | D        | Found a hide-covered altar of Uskayaw.
   527 | D        | Found a radiant altar of Vehumet.
   528 | D        | Found an ornate altar of the Wu Jian Council.
   529 | D        | Found a shimmering altar of Xom.
   530 | D        | Found a basalt altar of Yredelemnul.
   531 | D        | Found a glowing silver altar of Zin.
   532 | D        | Found a glowing golden altar of the Shining One.
   687 | D        | Noticed a yak
   687 | D        | Noticed a gnoll sergeant
   690 | D        | Reached XP level 5. HP: 51/51 MP: 4/4
   694 | D        | Reached skill level 9 in Axes
   696 | D        | Reached **** piety under Trog
   697 | D        | Reached skill level 10 in Axes
   700 | D        | Killed a yak
   701 | D        | Reached skill level 11 in Axes
   701 | D        | Reached XP level 6. HP: 40/62 MP: 5/5
   703 | D        | Reached ***** piety under Trog
   897 | D        | Noticed a centaur warrior
   897 | D        | Noticed an acid dragon
   897 | D        | Noticed a troll
   897 | D        | Noticed a troll
   897 | D        | Noticed a white ugly thing
   897 | D        | Noticed a troll
   900 | D        | Killed a troll
   901 | D        | Reached skill level 12 in Axes
   901 | D        | Reached XP level 7. HP: 70/70 MP: 6/6
   908 | D        | Killed a white ugly thing
   909 | D        | Reached skill level 10 in Fighting
   909 | D        | Reached skill level 13 in Axes
   909 | D        | Reached XP level 8. HP: 64/79 MP: 7/7
   912 | D        | Killed a troll
   913 | D        | Reached skill level 14 in Axes
   913 | D        | Reached skill level 10 in Armour
   919 | D        | Killed a troll
   920 | D        | Received a gift from Trog
   936 | D        | Killed a centaur warrior
   937 | D        | Reached skill level 15 in Axes
   937 | D        | Reached skill level 10 in Dodging
   937 | D        | Reached XP level 9. HP: 31/90 MP: 8/8
  1291 | D        | Noticed a komodo dragon
  1291 | D        | Noticed a cane toad
  1291 | D        | Noticed a cane toad
  1293 | D        | Killed a cane toad
  1294 | D        | Reached skill level 16 in Axes
  1296 | D        | Killed a cane toad
  1297 | D        | Killed a komodo dragon
  1298 | D        | Noticed a cane toad
  1298 | D        | Noticed a rime drake
  1303 | D        | Reached skill level 17 in Axes
  1306 | D        | Killed a cane toad
  1308 | D        | Killed a rime drake
  1309 | D        | Reached XP level 10. HP: 101/101 MP: 3/9
  1344 | D        | Noticed a black mamba
  1344 | D        | Noticed a death yak
  1344 | D        | Noticed an elephant
  1351 | D        | Killed an elephant
  1352 | D        | Reached skill level 18 in Axes
  1355 | D        | Killed a death yak
  1363 | D        | Killed a black mamba
  1374 | D        | Reached skill level 19 in Axes
  1377 | D        | Received a gift from Trog
  1628 | D        | Reached ****** piety under Trog
  1887 | D        | Identified the +9 battleaxe "Sickes" {vorpal, rPois rN++}
                  | (Trog gifted it to you in the Dungeon)
  1887 | D        | Received a gift from Trog
  1890 | D        | Noticed Grum
  1898 | D        | Killed Grum
  1903 | D        | Reached skill level 20 in Axes
  1977 | D        | Noticed Erolcha
  1983 | D        | Killed Erolcha
  1984 | D        | Reached XP level 11. HP: 103/111 MP: 10/10
  2040 | D        | Noticed Eustachio
  2048 | D        | Killed Eustachio
  2048 | D        | Received a gift from Trog
  2049 | D        | Reached skill level 15 in Fighting
  2077 | D        | Noticed an orc knight
  2093 | D        | Killed an orc knight
  2108 | D        | Reached skill level 15 in Armour
  2109 | D        | Received a gift from Trog
  2535 | D        | Noticed an orc knight
  2535 | D        | Noticed an orc knight
  2544 | D        | Killed an orc knight
  2550 | D        | Killed an orc knight
  2551 | D        | Reached skill level 21 in Axes
  2554 | D        | Received a gift from Trog
  2577 | D        | Noticed an orc knight
  2587 | D        | Killed an orc knight
  2836 | D        | Found Ogazxuakh's General Store.
  2836 | D        | Noticed an ettin
  2836 | D        | Noticed an ogre mage
  2836 | D        | Noticed a stone giant
  2836 | D        | Noticed a deep troll
  2839 | D        | Killed an ogre mage
  2839 | D        | Received a gift from Trog
  2840 | D        | Killed a stone giant
  2843 | D        | Killed an ettin
  2844 | D        | Reached skill level 22 in Axes
  2844 | D        | Killed a deep troll
  2845 | D        | Reached skill level 15 in Dodging
  2847 | D        | Found Qobesy's Jewellery Shop.
  2853 | D        | Received a gift from Trog
  2854 | D        | Found Qeveesusch's Book Boutique.
  2867 | D        | Killed an ogre mage
  3094 | D        | Noticed an ogre mage
  3095 | D        | Found Iqoaxu's Antique Armour Shop.
  3095 | D        | Noticed a deep troll
  3096 | D        | Noticed an ogre mage
  3097 | D        | Paralysed by something for 4 turns
  3103 | D        | Killed an ogre mage
  3104 | D        | Reached XP level 12. HP: 124/124 MP: 11/11
  3107 | D        | Killed an ogre mage
  3107 | D        | Received a gift from Trog
  3108 | D        | Reached skill level 23 in Axes
  3276 | D        | Bought a runed scarf for 232 gold pieces
  3282 | D        | Bought an amulet of regeneration for 360 gold pieces
  3282 | D        | Bought a ring of resist corrosion for 240 gold pieces
  3282 | D        | Bought a ring of willpower for 300 gold pieces
  3293 | D        | Bought a scroll of identify for 20 gold pieces
  3342 | D        | Noticed Urug
  3353 | D        | Killed Urug
  3406 | D        | Noticed Gastronok
  3417 | D        | Killed Gastronok
  3525 | D        | Noticed a five-headed hydra
  3525 | D        | Noticed a centaur warrior
  3525 | D        | Noticed an ogre mage
  3529 | D        | Killed an ogre mage
  3529 | D        | Received a gift from Trog
  3531 | D        | Noticed a green very ugly thing
  3533 | D        | Killed a centaur warrior
  3537 | D        | Reached skill level 24 in Axes
  3537 | D        | Noticed a vampire mage
  3542 | D        | Killed a seven-headed hydra
  3543 | D        | Noticed a tengu warrior
  3548 | D        | Killed a green very ugly thing
  3549 | D        | Noticed a fire dragon
  3549 | D        | Noticed a fire dragon
  3553 | D        | Noticed a red very ugly thing
  3556 | D        | Received a gift from Trog
  3559 | D        | Killed a red very ugly thing
  3587 | D        | Noticed an ice dragon
  3588 | D        | Killed a vampire mage
  3592 | D        | Killed a tengu warrior
  3598 | D        | Killed a fire dragon
  3599 | D        | Reached skill level 25 in Axes
  3602 | D        | Killed a fire dragon
  3609 | D        | Killed an ice dragon
  3609 | D        | Received a gift from Trog
  3610 | D        | Reached XP level 13. HP: 79/136 MP: 12/12
  3822 | D        | Noticed an entropy weaver
  3831 | D        | Killed an entropy weaver
  3834 | D        | Received a gift from Trog
  3881 | D        | Reached skill level 26 in Axes
  3881 | D        | Noticed a nagaraja
  3892 | D        | Received a gift from Trog
  3915 | D        | HP: 4/139 [poisoned by a nagaraja (poison arrow)]
  3916 | D        | Succumbed to a nagaraja's poison arrow

Illustrated notes

Levels and vault maps discovered:
D:        linesprint [early_d, line_temple, items_1, d_10, items_2, lair_1,
          lair_end, items_3, orc_1, orc_end, items_4, d_15, swamp_1, shoals_1,
          snake_1, spider_1, d_20, vaults_1, items_5, swamp_end, shoals_end,
          snake_end, spider_end, vaults_end, d_27, items_6, zot_1, zot_end,
          crypt_end, forest_end, elf_end, slime_end, tomb_end, abyss_end,
          pan_hell_end]

Skill      XL: |  1  2  3  4  5  6  7  8  9 10 11 12 13 |
---------------+----------------------------------------+-----
Axes           | 7 8 11 12 13 15 17 20 22 25 26 | 26.3
Fighting       | 6 8 9 10 11 13 14 16 18 19 | 19.9
Armour         | 5 6 8 9 11 12 14 16 18 19 | 19.4
Dodging        | 4 5 7 8 9 10 11 13 15 17 | 17.9

Action                   |  1- 3 |  4- 6 |  7- 9 | 10-12 | 13-15 || total
-------------------------+-------+-------+-------+-------+-------++-------
Melee: Hand axe          |    17 |     8 |       |       |       ||    25
       Headbutt          |     1 |     1 |     4 |    32 |     6 ||    44
       War axe           |       |    13 |    16 |       |       ||    29
       Punch             |       |     1 |       |       |       ||     1
       Battleaxe         |       |       |    12 |   183 |    35 ||   230
Invok: Berserk           |     1 |     2 |     1 |     6 |     2 ||    12
       Brothers in Arms  |       |       |     3 |     4 |     2 ||     9
       Trog's Hand       |       |       |       |     1 |     2 ||     3
  Use: Potion            |       |       |     1 |     1 |     8 ||    10
Armor: Animal skin       |     3 |       |       |       |       ||     3
       Scale mail        |       |     5 |    19 |    13 |       ||    37
       Plate armour      |       |       |       |    29 |    26 ||    55
Dodge: Dodged            |    10 |    10 |    19 |    79 |    27 ||   145

Table legend: (Time is in decaauts)
 A = Elapsed time spent in this place.
 B = Non-inter-level travel time spent in this place.
 C = Inter-level travel time spent in this place.
 D = Time resting spent in this place.
 E = Time spent auto-exploring this place.
 F = Levels seen in this place.
 G = Mean time per level.
                   A        B        C        D        E       F      G
               +--------+--------+--------+--------+--------+-----+--------+
         Total |   3939 |   3937 |      2 |   2208 |   1089 |   1 | 3939.0 |
       Dungeon |   3939 |   3937 |      2 |   2208 |   1089 |   1 | 3939.0 |
               +--------+--------+--------+--------+--------+-----+--------+

Top non-repeatable levels by time:
       D: 3939 daAuts
